 Dungeon Crawl Stone Soup version 0.27-a0-364-g31b3477d74 (webtiles) character file.

Game seed: 8806182997734605109

622 tilp the Insei (level 7, -4/49 HPs)
             Began as an Octopode Transmuter on Feb 16, 2021.
             Slain by an ogre
             ... wielding a +0 giant club
              (26 damage)
             ... on level 4 of the Dungeon.
             The game lasted 00:06:00 (5062 turns).

tilp the Insei (Octopode Transmuter)                Turns: 5062, Time: 00:06:01

Health: -4/49      AC:  1    Str:  9    XL:     7   Next: 46%
Magic:  8/10       EV: 13    Int: 18    God:
Gold:   78         SH:  0    Dex: 12    Spells: 7/10 levels left

rFire    . . .     SeeInvis .     - Unarmed
rCold    . . .     Faith    .   (no shield)
rNeg     . . .     Spirit   .   (helmet restricted)
rPois    +         Reflect  .   (no amulet)
rElec    .         Harm     .   j - ring of poison resistance
rCorr    .         Rampage  .   (no ring)
Will     .....                  (no ring)
Stlth    +++.......             (no ring)
HPRegen  0.16/turn              (no ring)
MPRegen  0.12/turn              (no ring)
                                (no ring)
                                (no ring)

@: wereblooded
A: almost no armour, stealthy swim, amphibious, 8 rings, constrict 8, camouflage
1, gelatinous body 1
a: no special abilities


You were on level 4 of the Dungeon.
You visited 1 branch of the dungeon, and saw 4 of its levels.

You collected 78 gold pieces.

Inventory:

Missiles
 a - 4 boomerangs
 e - 10 poisoned darts (quivered)
 k - a throwing net
Jewellery
 j - a ring of poison resistance (left tentacle)
Scrolls
 b - a scroll of teleportation
 f - a scroll of identify
 g - a scroll of fog {unknown}
 m - a scroll of amnesia {unknown}
Potions
 d - a potion of flight
 h - 2 potions of attraction
 i - 2 potions of magic
 l - a potion of ambrosia


   Skills:
 + Level 4.3 Fighting
 + Level 2.6 Dodging
 - Level 4.0 Stealth
 + Level 6.2 Unarmed Combat
 - Level 2.0 Spellcasting
 - Level 2.0 Transmutations


You had 7 spell levels left.
You knew the following spells:

 Your Spells              Type           Power        Failure   Level
a - Beastly Appendage     Tmut           18%          8%          1
b - Wereblood             Tmut           9%           12%         2

Your spell library contained the following spells:

 Spells                   Type           Power        Failure   Level
 Spider Form              Tmut/Pois      2%           34%         3
 Ice Form                 Ice/Tmut       5%           75%         4
 Blade Hands              Tmut           4%           91%         5


Dungeon Overview and Level Annotations

Branches:
Dungeon (4/15)
 Temple: D:4-7

Altars:

Annotations:
D:3 1 runed translucent door, Crazy Yiuf


Innate Abilities, Weirdness & Mutations

You cannot wear most types of armour.
You are very stealthy in the water. (Stealth+)
You are amphibious.
You can wear up to eight rings at the same time.
You can use your tentacles to constrict eight enemies at once.
Your skin changes colour to match your surroundings (Stealth+).
Your rubbery body absorbs attacks. (AC +1, EV +1)


Message History

Casting: Wereblood (safe; 12% risk of failure)
Confirm with . or Enter, or press ? or * to list all spells.
You miscast Beastly Appendage.
You are very lightly contaminated with residual magic.
Nothing appears to happen.
The adder hisses angrily.
You throw a poisoned dart.
The poisoned dart closely misses the adder.
An ogre comes into view. It is wielding a +0 giant club.
You throw a poisoned dart. The poisoned dart hits the adder.
The adder is poisoned.
Casting: Beastly Appendage (safe; 8% risk of failure)
Confirm with . or Enter, or press ? or * to list all spells.
Your blood is infused with primal strength.
The adder closely misses you.
Your magical contamination has completely faded away.
You tentacle-slap the adder. You grab the adder.
The adder is severely wounded.
You constrict the adder. The adder misses you.
You tentacle-slap the adder.
You kill the adder!
You throw a poisoned dart. The poisoned dart hits the ogre.
The ogre is poisoned.
You throw a poisoned dart. The poisoned dart hits the ogre.
The ogre looks even sicker.
The ogre is lightly wounded.
You tentacle-slap the ogre but do no damage.
The ogre is lightly wounded.
The ogre hits you with a +0 giant club!
You tentacle-slap the ogre.
The ogre is lightly wounded.
Unknown command.
You barely miss the ogre. You squeeze the ogre!
The ogre is severely wounded.
The ogre hits you with a +0 giant club!
You barely miss the ogre.
The ogre is severely wounded.
The ogre hits you with a +0 giant club!!
Ouch! That really hurt!
You die...

.......# ###### .......#
#....# . .......# #....#
.. .......# #....# ..#
.......# #....# ...#
.......###....#####.....
.รท......................
.......########..##....
.......# ##@# . .......#
#O## .......# #(.#
..###### ##(# ..# #..#
..# ..... ..# ........
..# .(......... ..#
...###.##.#.


You could see an ogre (poisoned).

Vanquished Creatures
  Sigmund (D:3)
  A water moccasin skeleton (D:4)
  A howler monkey (D:4)
  2 orc priests (D:4)
  A bullfrog skeleton (D:4)
  An iguana (D:4)
  Natasha (thrice) (D:3)
  An orc wizard (D:4)
  5 adders
  2 oozes
  An adder skeleton (D:2)
  2 worms (D:2)
  2 dart slugs (D:3)
  4 leopard geckos
  9 orcs
  2 ball pythons (D:1)
  2 giant cockroaches
  6 goblins
  16 hobgoblins
  12 kobolds
  A quokka (D:3)
  10 bats
  7 frilled lizards
  8 rats
100 creatures vanquished.

Notes
Turn   | Place    | Note
-------+----------+-------------------------------------------
     0 | D:1      | tilp the Octopode Transmuter began the quest for the Orb.
     0 | D:1      | Reached XP level 1. HP: 13/13 MP: 3/3
    59 | D:1      | Reached skill level 1 in Stealth
   158 | D:1      | Reached XP level 2. HP: 15/18 MP: 5/5
   210 | D:1      | Learned a level 2 spell: Wereblood
   773 | D:1      | Reached XP level 3. HP: 23/23 MP: 6/6
  1409 | D:2      | HP: 1/24 [poisoned by an adder]
  1735 | D:2      | Reached XP level 4. HP: 29/29 MP: 5/7
  2740 | D:3      | You fall into a shaft and drop 1 floor!
  3031 | D:3      | Noticed Sigmund
  3116 | D:3      | Reached XP level 5. HP: 8/35 MP: 5/8
  3656 | D:3      | Reached skill level 4 in Unarmed Combat
  3851 | D:3      | Noticed Natasha
  3857 | D:3      | Killed Natasha
  4035 | D:3      | Noticed Natasha
  4042 | D:3      | Killed Natasha
  4187 | D:3      | Killed Sigmund
  4188 | D:3      | Reached skill level 5 in Unarmed Combat
  4188 | D:3      | Reached XP level 6. HP: 41/43 MP: 9/9
  4250 | D:3      | Noticed Natasha
  4259 | D:3      | Killed Natasha
  4323 | D:3      | Found a runed translucent door.
  4324 | D:3      | Noticed Crazy Yiuf
  4462 | D:4      | Reached XP level 7. HP: 48/48 MP: 8/10
  4516 | D:4      | Reached skill level 6 in Unarmed Combat
  5062 | D:4      | Slain by an ogre

Illustrated notes

Levels and vault maps discovered:
D:1:      matt_arrival_los_fun, layout_loops_ring, minmay_ruptured
D:2:      minmay_spotlight, layout_basic
D:3:      layout_basic, uniq_sigmund, uniq_natasha, uniq_crazy_yiuf_cottage
D:4:      layout_basic

Skill      XL: |  1  2  3  4  5  6  7 |
---------------+----------------------+-----
Stealth        | 2 3 4 |  4.0
Fighting       | 2 4 |  4.3
Unarmed Combat | 5 6 |  6.2
Dodging        | |  2.6
Spellcasting   | |  2.0
Transmutations | |  2.0

Action                   |  1- 3 |  4- 6 |  7- 9 || total
-------------------------+-------+-------+-------++-------
Melee: Unarmed           |    67 |   130 |    41 ||   238
       Constrict         |    21 |    34 |    10 ||    65
       Tentacles         |    17 |    23 |    11 ||    51
       Punch             |     1 |     4 |       ||     5
       Kick              |     3 |    15 |     8 ||    26
Throw: Dart              |     1 |    14 |    11 ||    26
 Cast: Beastly Appendage |     6 |    15 |     7 ||    28
       Wereblood         |     2 |     3 |     3 ||     8
  Use: Potion            |     2 |     1 |       ||     3
       Scroll            |     1 |     5 |       ||     6
 Stab: Sleeping          |     5 |     9 |     2 ||    16
       Distracted        |       |     1 |       ||     1
Armor: Skin              |     5 |     9 |     1 ||    15
Dodge: Dodged            |    43 |    79 |    26 ||   148

Table legend: (Time is in decaauts)
 A = Elapsed time spent in this place.
 B = Non-inter-level travel time spent in this place.
 C = Inter-level travel time spent in this place.
 D = Time resting spent in this place.
 E = Time spent auto-exploring this place.
 F = Levels seen in this place.
 G = Mean time per level.
                   A        B        C        D        E       F      G
               +--------+--------+--------+--------+--------+-----+--------+
         Total |   5053 |   4910 |    143 |   1070 |   3121 |   4 | 1263.2 |
       Dungeon |   5053 |   4910 |    143 |   1070 |   3121 |   4 | 1263.2 |
               +--------+--------+--------+--------+--------+-----+--------+

Top non-repeatable levels by time:
     D:2: 1675 daAuts
     D:3: 1651 daAuts
     D:1: 1057 daAuts
     D:4: 669 daAuts
